 Dungeon Crawl Stone Soup version 0.26-a0-64-g059e62fbdb (webtiles) character file.

Game seed: 16690350093039535406

1493 vurker the Slinger (level 9, -6/59 HPs)
             Began as a Halfling Skald on June 11, 2020.
             Was a Follower of Okawaru.
             Killed by divine providence
             ... invoked by an orc priest
              (10 damage)
             ... on level 7 of the Dungeon.
             The game lasted 00:12:42 (7070 turns).

vurker the Slinger (Halfling Skald)                 Turns: 7070, Time: 00:12:42

Health: -6/59      AC: 12    Str: 21    XL:     9   Next: 8%
Magic:  11/11      EV: 14    Int: 11    God:    Okawaru [*.....]
Gold:   279        SH:  0    Dex: 14    Spells: 10/11 levels left

rFire    . . .     SeeInvis +   a - +0 short sword
rCold    . . .     Gourm    .   (shield restricted)
rNeg     . . .     Faith    .   q - +1 scale mail
rPois    .         Spirit   .   (no helmet)
rElec    .         Reflect  .   h - +2 cloak
rCorr    .         Harm     .   (no gloves)
MR       .....                  d - +0 pair of boots
Stlth    ..........             (no amulet)
HPRegen  0.19/turn              s - ring of see invisible
MPRegen  0.12/turn              r - +6 ring of strength

@: heavily drained
A: small, mutation resistance 1
a: Heroism, Renounce Religion


You were on level 7 of the Dungeon.
You worshipped Okawaru.
Okawaru was aware of your devotion.
You were not hungry.

You visited 2 branches of the dungeon, and saw 8 of its levels.

You collected 279 gold pieces.

Inventory:

Hand Weapons
 a - a +0 short sword (weapon)
 b - a +0 hunting sling
   (You took it off a goblin on level 3 of the Dungeon)
Armour
 d - a +0 pair of boots (worn)
   (You found it on level 1 of the Dungeon)
 h - a +2 cloak (worn)
   (You found it on level 1 of the Dungeon)
 q - a +1 scale mail (worn)
   (You found it on level 2 of the Dungeon)
 t - a +0 chain mail
   (You found it on level 4 of the Dungeon)
Jewellery
 r - a +6 ring of strength (right hand)
   (You found it on level 6 of the Dungeon)
 s - a ring of see invisible (left hand)
   (You found it on level 4 of the Dungeon)
Scrolls
 c - 2 scrolls of teleportation
 f - 3 scrolls of blinking
 l - 2 scrolls of enchant armour
 n - a scroll of fog
 o - a scroll of magic mapping {unknown}
 v - a scroll of remove curse
 w - a scroll of vulnerability {unknown}
 x - a scroll of immolation {unknown}
Potions
 g - a potion of degeneration {unknown}
 j - a potion of haste {unknown}
 k - a potion of flight
 m - 2 potions of heal wounds
 p - a potion of mutation
 u - a potion of brilliance {unknown}
Comestibles
 e - 15 rations


   Skills:
 + Level 4.3(3.0) Fighting
 - Level 5.0(3.6) Short Blades
 * Level 8.0(6.5) Slings
 + Level 4.7(3.4) Armour
 + Level 5.4(4.0) Dodging
 - Level 1.5(0.3) Spellcasting
 - Level 3.2(1.9) Charms
 * Level 2.5(1.3) Invocations


You had 10 spell levels left.
You knew the following spells:

 Your Spells              Type           Power        Failure   Level  Hunger
a - Infusion              Chrm           #...         38%         1    ##.....

Your spell library contained the following spells:

 Spells                   Type           Power        Failure   Level  Hunger
 Song of Slaying          Chrm           #.......     54%         2    ###....
 Magic Dart               Conj           #...         67%         1    ##.....
 Sandblast                Erth           #.....       67%         1    ##.....
 Shock                    Conj/Air       #...         67%         1    ##.....
 Shroud of Golubria       Chrm/Tloc      #.....       67%         2    ###....
 Swiftness                Chrm/Air       #.......     67%         2    ###....
 Passwall                 Tmut/Erth      #.......     82%         2    ###....
 Searing Ray              Conj           #.....       82%         2    ###....
 Ozocubu's Armour         Chrm/Ice       #.......     88%         3    ####...
 Spectral Weapon          Hex/Chrm       #.......     88%         3    ####...
 Dazzling Flash           Conj/Hex       #.....       96%         3    ####...
 Static Discharge         Conj/Air       #.......     96%         3    ####...
 Stone Arrow              Conj/Erth      #.....       96%         3    ####...
 Airstrike                Air            #.........   100%        4    #####..
 Fulminant Prism          Conj/Hex       #.........   100%        4    #####..
 Iskenderun's Mystic Bla  Conj/Tloc      #.......     100%        4    #####..
 Petrify                  Tmut/Erth      #.......     100%        4    #####..
 Lee's Rapid Deconstruct  Erth           #.........   100%        5    ######.
 Lightning Bolt           Conj/Air       #.........   100%        5    ######.


Dungeon Overview and Level Annotations

Branches:
Dungeon (7/15)             Temple (1/1) D:6

Altars:
Fedhas
Makhleb
Nemelex Xobeh
Okawaru
Qazlal
Sif Muna
Vehumet
Xom
Yredelemnul
Zin


Innate Abilities, Weirdness & Mutations

You are small and have problems with some larger weapons.
You are somewhat resistant to further mutation.


Message History

The phantom hits you but does no damage.
You closely miss the phantom. You hit the phantom but do no damage.
The phantom blinks!
The phantom blinks!
The phantom blinks!
You barely miss the phantom.
The phantom blinks!
Found 19 stones.
The phantom hits you.
You see here a ration.
You hit the phantom but do no damage. You closely miss the phantom.
The phantom misses you.
You hit the phantom. The phantom hits you.
The phantom blinks!
You hit the phantom. The phantom barely misses you.
You hit the phantom. The phantom closely misses you.
You miss the phantom.
The phantom blinks!
The phantom misses you.
Found 18 stones.
Found an escape hatch in the ceiling.
You barely miss the phantom.
The phantom hits you but does no damage.
You hit the phantom.
The phantom hits you but does no damage.
You hit the phantom.
The phantom blinks!
An orc priest comes into view. It is wielding a +0 flail.
The orc priest shouts!
You barely miss the phantom. The phantom barely misses you.
An orc priest comes into view. It is wielding a +0 hand axe.
You hit the phantom. The phantom closely misses you.
You miss the phantom.
An orc warrior comes into view. It is wielding a +0 battleaxe.
The phantom blinks!
The orc warrior shouts!
The orc warrior throws a boomerang.
The boomerang barely misses you.
The weapon returns to the orc warrior!
The orc priest mumbles some strange prayers to Beogh against you.
Beogh smites you!
* * * LOW HITPOINT WARNING * * *
The orc warrior throws a boomerang.
The boomerang hits you.
* * * LOW HITPOINT WARNING * * *
The weapon returns to the orc warrior!
The orc priest looks braver for a moment.
The phantom blinks!
The orc priest invokes the aid of Beogh against you.
Beogh smites you!
* * * LOW HITPOINT WARNING * * *
The phantom blinks!
The orc priest looks encouraged for a moment.
The phantom closely misses you.
The orc priest invokes the aid of Beogh against you.
Beogh smites you!
You die...

#...#...).....#.#.......#####..
#.................#......# ##..
#.#..##.$...........#..##.####...
#...................##.##..#.....
.................................
#........#.....##......##.###..#.
#.......##....####..#..#...##.##.
.##(.........###..........##.....
##.....##...###@....###..#...#..
#........%o...W....## ##....####
#........o#.........###.#.......
#.........#..#..................
#......o..#####.................
#.(.......# ##......###........
#........## ##.......# ##.....##
#.........#.#.......## #.....#
#......o.ยง.........## ##...##


You could see a phantom and 2 orc priests.

Vanquished Creatures
  Edmund (D:6)
  Duvessa (D:4)
  A black bear (D:6)
  An ogre (D:5)
  An ice beast (D:7)
  3 centaurs (D:5)
  A bullfrog (D:6)
  Dowan (D:4)
  A scorpion (D:6)
  A howler monkey (D:4)
  2 crimson imps
  A centaur zombie (D:6)
  A jelly (D:5)
  3 hounds
  A bullfrog skeleton (D:6)
  A centaur skeleton (D:5)
  2 orc wizards (D:4)
  2 worker ants
  4 gnolls
  7 adders
  6 worms
  4 dart slugs
  2 leopard geckos
  5 orcs
  7 bats
  3 giant cockroaches
  10 goblins
  5 hobgoblins
  3 jackals (D:3)
  9 kobolds
  3 quokkas
  3 ball pythons
  7 frilled lizards
  A leopard gecko skeleton (D:4)
  6 rats
110 creatures vanquished.

Vanquished Creatures (others)
  An iguana (D:4)
1 creature vanquished.

Grand Total: 111 creatures vanquished

Notes
Turn   | Place    | Note
-------+----------+-------------------------------------------
     0 | D:1      | vurker the Halfling Skald began the quest for the Orb.
     0 | D:1      | Reached XP level 1. HP: 14/14 MP: 3/3
   141 | D:1      | Reached XP level 2. HP: 17/19 MP: 4/4
   425 | D:1      | Reached XP level 3. HP: 6/24 MP: 5/5
  1486 | D:2      | Reached XP level 4. HP: 15/29 MP: 6/6
  2909 | D:3      | Reached skill level 1 in Slings
  2909 | D:3      | Reached XP level 5. HP: 27/35 MP: 7/7
  3681 | D:4      | Reached skill level 2 in Slings
  3761 | D:4      | Reached XP level 6. HP: 11/41 MP: 8/8
  4053 | D:4      | Noticed Duvessa
  4055 | D:4      | Noticed Dowan
  4080 | D:4      | Killed Duvessa
  4080 | D:4      | Reached skill level 3 in Slings
  4084 | D:4      | Killed Dowan
  4084 | D:4      | Reached skill level 5 in Short Blades
  4084 | D:4      | Reached XP level 7. HP: 22/46 MP: 9/9
  4338 | D:4      | Reached skill level 4 in Slings
  4419 | D:4      | Found a glowing silver altar of Zin.
  4419 | D:4      | Found a blossoming altar of Fedhas.
  4429 | D:4      | Found a sparkling altar of Nemelex Xobeh.
  4429 | D:4      | Found a radiant altar of Vehumet.
  4863 | D:5      | Entered Level 5 of the Dungeon
  5032 | D:5      | Reached skill level 5 in Slings
  5037 | D:5      | Reached XP level 8. HP: 16/52 MP: 10/10
  5338 | D:5      | Got a bone quarterstaff
  5339 | D:5      | Identified the +3 quarterstaff of the Freezing Rat {drain,
                  | *Noise rC+ Dex+3} (You found it on level 5 of the Dungeon)
  5382 | D:5      | Reached skill level 6 in Slings
  5917 | D:6      | Reached skill level 7 in Slings
  5917 | D:6      | Reached skill level 5 in Dodging
  5949 | D:6      | Found a staircase to the Ecumenical Temple.
  5956 | Temple   | Entered the Ecumenical Temple
  5977 | Temple   | Became a worshipper of Warmaster Okawaru
  6111 | D:6      | Noticed Edmund
  6166 | D:6      | Killed Edmund
  6166 | D:6      | Reached skill level 1 in Invocations
  6600 | D:6      | Reached XP level 9. HP: 58/58 MP: 11/11
  6879 | D:7      | Found a shimmering altar of Xom.
  7016 | D:7      | Reached * piety under Okawaru
  7016 | D:7      | Reached skill level 8 in Slings
  7070 | D:7      | Killed from afar by an orc priest

Illustrated notes

Levels and vault maps discovered:
D:1:      dpeg_chamrin_arrival_tetris, layout_basic
D:2:      layout_loops_corners
D:3:      layout_loops_cross
D:4:      layout_cave_pools, grunt_temple_overflow_open, uniq_duvessa
D:5:      layout_rooms, first_ration, grunt_ministairs_12,
          kennysheep_generic_room_14
D:6:      layout_basic, minmay_temple_entry_glass, uniq_edmund
D:7:      kennysheep_windowed_halls, layout_cave_pools, xom_teletrap_fun,
          uniq_crazy_yiuf_cottage
Temple:   eino_temple_scatter_basement

Skill      XL: |  1  2  3  4  5  6  7  8  9 |
---------------+----------------------------+-----
Fighting       | 2 3 4 |  4.3
Short Blades   | 3 4 5 |  5.0
Armour         | 2 3 4 |  4.7
Dodging        | 3 4 5 |  5.4
Slings         | 1 2 3 5 7 8 |  8.0
Invocations    | 2 |  2.5
Spellcasting   | |  1.5
Charms         | |  3.2

Action                   |  1- 3 |  4- 6 |  7- 9 || total
-------------------------+-------+-------+-------++-------
Melee: Short sword       |   138 |   170 |   214 ||   522
 Fire: Hunting sling     |       |    57 |   164 ||   221
Evoke: Wand              |       |     4 |     2 ||     6
  Use: Scroll            |       |     3 |     5 ||     8
       Potion            |       |       |     4 ||     4
  Eat: Chunk             |     2 |     8 |     7 ||    17
       Ration            |       |       |     1 ||     1
Armor: Leather armour    |    45 |     5 |       ||    50
       Scale mail        |       |    57 |   117 ||   174
Dodge: Dodged            |   103 |    98 |   152 ||   353

Table legend:
 A = Non-vault XP
 B = Vault XP
 C = Vault XP percentage of total XP
 D = Non-vault monster count
 E = Vault monster count
 F = Vault count percentage of total count
                 A         B        C        D         E       F
            +---------+---------+-------+---------+---------+-------
      Total |    1632 |     502 |  23.5 |     105 |       6 |   5.4
            +---------+---------+-------+---------+---------+-------
        D:1 |      41 |       0 |   0.0 |      17 |       0 |   0.0
        D:2 |      52 |       0 |   0.0 |      19 |       0 |   0.0
        D:3 |     109 |       0 |   0.0 |      26 |       0 |   0.0
        D:4 |     289 |     213 |  42.4 |      19 |       2 |   9.5
        D:5 |     507 |     123 |  19.5 |      12 |       3 |  20.0
        D:6 |     515 |     166 |  24.4 |      11 |       1 |   8.3
        D:7 |     119 |       0 |   0.0 |       1 |       0 |   0.0
            +---------+---------+-------+---------+---------+-------
